 Dungeon Crawl Stone Soup version 0.30.0-29-ga12c61a403 (webtiles) character file.

Game seed: 1864933555550354610

5264 ChadusMaximus the Blocker (level 10, -2/80 HPs)
             Began as a Formicid Fighter on June 19, 2023.
             Was a Follower of Okawaru.
             Slain by a killer bee (5 damage)
             ... on level 7 of the Dungeon.
             The game lasted 00:08:21 (7554 turns).

ChadusMaximus the Blocker (Formicid Fighter)        Turns: 7554, Time: 00:08:21

Health: -2/80      AC: 14    Str: 31    XL:     10   Next: 93%
Magic:  12/12      EV:  7    Int:  8    God:    Okawaru [*.....]
Gold:   455        SH:  6    Dex: 13    Spells: 9/9 levels left

rFire   . . .        B - +0 battleaxe
rCold   + . .        c - +0 buckler
rNeg    . . .        A - +0 plate armour
rPois   .            (helmet unavailable)
rElec   .            y - +0 cloak
rCorr   .            (no gloves)
SInv    +            (no boots)
Will    +....        t - amulet of the acrobat Stlth
                     l - +6 ring of strength
HPRegen 0.33/turn    e - ring of protection from cold
MPRegen 0.13/turn

%: acrobat
@: lethally poisoned (-2 -> -6)
A: permanent stasis, dig shafts and tunnels, antennae 3, four strong arms
a: Dig, Shaft Self, Renounce Religion, Heroism


You were on level 7 of the Dungeon.
You worshipped Okawaru.
Okawaru was aware of your devotion.
You visited 2 branches of the dungeon, and saw 10 of its levels.

You collected 455 gold pieces.

Inventory:

Hand Weapons
 a - a +0 war axe
 B - a +0 battleaxe (weapon)
Missiles
 u - 5 boomerangs (quivered)
Armour
 b - a +0 scale mail
 c - a +0 buckler (worn)
 y - a +0 cloak (worn)
 z - the +4 scale mail "Guasy" {Rampage rCorr Dex-4}
   (You found it on level 6 of the Dungeon)

   Dex:       It affects your dexterity (-4).
   rCorr:     It protects you from acid and corrosion.
   Rampage:   It bestows one free step when moving towards enemies.
 A - a +0 plate armour (worn)
Jewellery
 e - a ring of protection from cold (right hand)
 l - a +6 ring of strength (left hand)
 t - an amulet of the acrobat (around neck)
Wands
 d - a wand of flame (27)
 C - a wand of acid (8)
Scrolls
 h - 2 scrolls of poison
 n - 2 scrolls of fog
 p - 3 scrolls of teleportation
 q - a scroll of magic mapping
 r - a scroll of vulnerability
 v - a scroll of torment {unknown}
 w - 2 scrolls of immolation {unknown}
 D - a scroll of amnesia {unknown}
 E - a scroll of enchant armour {unknown}
Potions
 f - a potion of berserk rage {unknown}
 g - a potion of ambrosia {unknown}
 i - a potion of flight {unknown}
 k - a potion of heal wounds {unknown}
 m - 3 potions of curing
 o - a potion of attraction {unknown}
 s - a potion of lignification {unknown}
 x - a potion of magic {unknown}


   Skills:
 + Level 7.9 Fighting
 + Level 7.8 Axes
 - Level 6.6 Throwing
 + Level 8.0 Armour
 + Level 9.5 Shields
 * Level 2.9 Invocations


You had 9 spell levels left.
You didn't know any spells.
Your spell library contained the following spells:

 Spells                   Type           Power      Damage    Failure   Level
 Sublimation of Blood     Necr           0%         N/A       99%         2
 Petrify                  Tmut/Erth      0%         N/A       100%        4
 Irradiate                Conj/Tmut      0%         3d11      100%        5


Dungeon Overview and Level Annotations

Branches:
Dungeon (9/15)             Temple (1/1) D:7
   Lair: D:8-11         Orc: D:9-12

Altars:
Ashenzari
Cheibriados
Dithmenos
Elyvilon
Fedhas
Gozag
Hepliaklqana
Kikubaaqudgha
Makhleb
Nemelex Xobeh
Okawaru
Qazlal
Ru
Sif Muna
Trog
Vehumet
Wu Jian
Xom
Yredelemnul
The Shining One

Shops:
D:4 ?   D:7 [[=[   D:8 *


Innate Abilities, Weirdness & Mutations

You cannot be hasted, slowed, berserked, paralysed or teleported.
You can dig through walls and to a lower floor.
You have a pair of large antennae on your head. (SInv)
Your four strong arms can wield two-handed weapons with a shield.


Message History

You block the ufetubus's attack.
You closely miss the ufetubus.
The ufetubus is almost dead.
The ufetubus hits you.
* * * LOW HITPOINT WARNING * * *
The ufetubus barely misses you. You block the ufetubus's attack.
The ufetubus hits you but does no damage.
The ufetubus attacks as you move away! The ufetubus barely misses you. x2
The ufetubus completely misses you. The ufetubus closely misses you.
The ufetubus attacks as you move away! The ufetubus barely misses you.
The ufetubus misses you. The ufetubus attacks as you move away!
The ufetubus barely misses you. The ufetubus completely misses you.
The ufetubus hits you.
* * * LOW HITPOINT WARNING * * *
The ufetubus completely misses you. The ufetubus attacks as you move away!
The ufetubus barely misses you. The ufetubus misses you.
The ufetubus attacks as you move away! You block the ufetubus's attack.
The ufetubus completely misses you.
The ufetubus hits you but does no damage.
The ufetubus completely misses you. The ufetubus completely misses you.
The ufetubus closely misses you. The ufetubus attacks as you move away!
You block the ufetubus's attack. The ufetubus completely misses you.
You block the ufetubus's attack. The ufetubus misses you.
The ufetubus attacks as you move away! The ufetubus closely misses you.
The ufetubus misses you.
A killer bee comes into view.
The killer bee buzzes angrily.
The ufetubus completely misses you. You block the ufetubus's attack.
The killer bee stings you but does no damage.
You block the killer bee's attack. The killer bee stings you!
* * * LOW HITPOINT WARNING * * *
You are lethally poisoned!
The killer bee poisons you!
There is a stone staircase leading up, spattered with blood here.
* * * LOW HITPOINT WARNING * * *
You feel sick. You block the killer bee's attack. The killer bee stings you.
You die...

...#..###..#.o.####.####..#,*,,,*
....##...##...## #.# *{,,,*,,,*,
......###....## #.# *.......,,,
^...#.#.##.### #.# *..#...#,,,
......#.##.# ####.###...#.#...*
......#.##.#####...........#,..#{
........##.oo{..5..........,,...,
......##########y##.##...#***#.#*
.#...#####......@##.##...# #.#
.##........#..[..........# #.#
.###########.#####.###..######.##
........,,...# #.# #...........
########*###.# #.# #.#######.##
#.# #.# #.# #.## #.#***#.#
#$#*****#.## #..,,,..#
#..,,,,,.... ##****###
###*****#...


You could see a killer bee and an ufetubus.

Vanquished Creatures
  A cyclops (D:7)
  Grinder (D:5)
  Sigmund (D:5)
  6 yaks
  Duvessa (D:5)
  An orc warrior (D:8)
  2 sky beasts
  4 ice beasts
  4 black bears
  6 ogres
  A centaur (D:8)
  A phantom (D:5)
  4 kobold brigands
  A gnoll sergeant (D:7)
  3 bullfrogs
  A scorpion (D:6)
  4 wights (D:8)
  Dowan (D:5)
  3 killer bees (D:7)
  3 howler monkeys (D:8)
  3 hounds
  An orc priest (D:8)
  A jelly (D:8)
  3 iguanas
  Terence (D:2)
  4 sleepcaps
  A gnoll bouda (D:7)
  10 orc wizards
  8 gnolls
  5 adders
  2 white imps (D:7)
  3 ufetubi
  2 dart slugs
  25 orcs
  3 ball pythons
  5 endoplasms
  4 giant cockroaches
  9 goblins
  7 hobgoblins
  4 jackals (D:2)
  13 kobolds
  3 quokkas
  4 bats
  8 frilled lizards
  5 rats
183 creatures vanquished.

Notes
Turn   | Place    | Note
-------+----------+-------------------------------------------
     0 | D:1      | ChadusMaximus the Formicid Fighter began the quest for the
                  | Orb.
     0 | D:1      | Reached XP level 1. HP: 18/18 MP: 1/1
   347 | D:1      | Reached XP level 2. HP: 24/24 MP: 2/2
   676 | D:1      | You fall into a shaft and drop 1 floor!
   722 | D:2      | Reached XP level 3. HP: 29/29 MP: 3/3
   728 | D:2      | Noticed Terence
   742 | D:2      | Killed Terence
   810 | D:2      | Reached XP level 4. HP: 35/37 MP: 4/4
  1600 | D:3      | Reached XP level 5. HP: 23/42 MP: 5/5
  1730 | D:3      | Reached skill level 5 in Shields
  2204 | D:4      | Reached XP level 6. HP: 16/48 MP: 6/6
  2385 | D:4      | Found Egy Meo's Magic Scroll Boutique.
  2795 | D:4      | Noticed a black bear
  3018 | D:4      | Killed a black bear
  3019 | D:4      | Reached XP level 7. HP: 36/55 MP: 7/7
  3225 | D:5      | Entered Level 5 of the Dungeon
  3245 | D:4      | Reached skill level 5 in Axes
  3245 | D:4      | Reached skill level 6 in Shields
  3397 | D:5      | Reached skill level 5 in Fighting
  3397 | D:5      | Reached skill level 5 in Armour
  3459 | D:5      | Reached XP level 8. HP: 44/62 MP: 8/8
  3590 | D:5      | Noticed Dowan
  3591 | D:5      | Noticed Duvessa
  3592 | D:5      | Noticed Grinder
  3599 | D:5      | Killed Duvessa
  3600 | D:5      | Reached skill level 1 in Throwing
  3606 | D:5      | Killed Grinder
  3606 | D:5      | Killed Dowan
  3854 | D:5      | Reached skill level 7 in Shields
  4257 | D:5      | Noticed Sigmund
  4270 | D:5      | Killed Sigmund
  4271 | D:5      | Reached XP level 9. HP: 54/69 MP: 9/9
  4459 | D:6      | Found a sparkling altar of Nemelex Xobeh.
  4780 | D:6      | Found a bloodstained altar of Trog.
  4810 | D:6      | Reached skill level 5 in Throwing
  5006 | D:6      | Identified the +4 scale mail "Guasy" {Rampage rCorr Dex-4}
  5114 | D:7      | Found Hempux's Armour Shop.
  5123 | D:7      | Found Ixkus's Antique Armour Shop.
  5123 | D:7      | Found Wooneodo's Jewellery Shop.
  5125 | D:7      | Found Hioracs's Armour Shop.
  5136 | D:7      | Reached skill level 8 in Shields
  5144 | D:7      | You fall into a shaft and drop 1 floor!
  5144 | D:8      | Found Vobbuoxto's General Store.
  5736 | D:8      | Reached XP level 10. HP: 71/77 MP: 10/10
  6454 | D:8      | HP: 2/73 [wight/+4 great sword (3)]
  6459 | D:8      | Reached skill level 9 in Shields
  7228 | D:7      | Found a staircase to the Ecumenical Temple.
  7329 | Temple   | Entered the Ecumenical Temple
  7442 | Temple   | Became a worshipper of Warmaster Okawaru
  7489 | D:7      | Noticed a cyclops
  7496 | D:7      | Reached skill level 1 in Invocations
  7533 | D:7      | Killed a cyclops
  7533 | D:7      | Reached * piety under Okawaru
  7554 | D:7      | HP: 3/80 [poisoned by a killer bee]
  7554 | D:7      | Slain by a killer bee

Illustrated notes

Levels and vault maps discovered:
D:1:      minmay_arrival_wavy_path, layout_basic, minmay_misc_feat_encased,
          minmay_tetromino_i4
D:2:      layout_loops_ring, chequers_serial_rivers_small_3, hex_medium,
          uniq_terence
D:3:      layout_basic, hangedman_abyss_or_decor_lesser_grid, st_stairs_14
D:4:      layout_cave_pools, serial_shops,
          nicolae_shop_competitors_out_of_business
D:5:      layout_loops_cross, st_stairs_2, uniq_sigmund, uniq_grinder,
          uniq_duvessa
D:6:      black_bear_nest_1, layout_basic, nemelex_spade_bored_becter,
          mainiacjoe_overflow_paths, minmay_misc_feat_nine_boxes
D:7:      cheibrodos_fzero, layout_loops_ring, zin_treasury,
          minmay_temple_entry_steel_oval, enter_bailey_3, grunt_ministairs_13,
          minmay_shop_grid_forest
D:8:      cheibrodos_quashed, layout_layer_cave, serial_shops,
          kennysheep_little_box, feat_on_display
D:9:      layout_irregular_city, gammafunk_ghost_hydra_chop,
          nicolae_wooded_promenade, nicolae_kite_square_tiling_tiny,
          uniq_harold, uniq_erolcha
Temple:   compressed_dpeg_circular_temple

Skill      XL: |  1  2  3  4  5  6  7  8  9 10 |
---------------+-------------------------------+-----
Axes           | 3 4 5 6 7 |  7.8
Fighting       | 4 5 6 7 |  7.9
Armour         | 4 5 6 8 |  8.0
Shields        | 5 6 7 8 9 |  9.5
Throwing       | 3 5 6 |  6.6
Invocations    | 2 |  2.9

Action                     |  1- 3 |  4- 6 |  7- 9 | 10-12 || total
---------------------------+-------+-------+-------+-------++-------
  Melee: War axe           |    69 |   145 |   247 |    71 ||   532
         Battleaxe         |       |       |       |    84 ||    84
  Throw: Javelin           |       |       |       |     6 ||     6
         Boomerang         |       |       |       |     1 ||     1
Ability: Dig               |       |     1 |       |       ||     1
         Shaft Self        |       |       |     1 |       ||     1
    Use: Potion            |       |       |     1 |     2 ||     3
         Scroll            |       |       |     6 |       ||     6
 Armour: Scale mail        |    23 |    81 |   133 |    14 ||   251
         Plate armour      |       |       |       |    59 ||    59
  Dodge: Dodged            |    35 |    83 |   158 |    87 ||   363
  Block: Buckler           |    11 |    46 |    90 |    61 ||   208
